 Dungeon Crawl Stone Soup version 0.31-a0-1159-g800acc2fd1 (webtiles) character file.

Game seed: 5642626815604349105

9 James the Ruffian (level 2, 0/27 HPs)
             Began as an Octopode Shapeshifter on Dec 8, 2023.
             Succumbed to a goblin's poison
             ... on level 1 of the Dungeon.
             The game lasted 00:00:55 (206 turns).

James the Ruffian (Octopode Shapeshifter)            Turns: 206, Time: 00:00:55

Health: 0/27       AC: 21    Str: 13    XL:     2   Next: 12%
Magic:  2/2        EV:  2    Int: 12    God:
Gold:   19         SH:  0    Dex: 11    Spells: 1/1 levels left

rFire   . .          .
                       - Unarmed
rCold   . . .        (no shield)
rNeg    . . .        (helmet currently unavailable)
rPois   +            (no amulet)
rElec   .            (no ring)
rCorr   .            (no ring)
SInv    .            (no ring)
Will    .....        (no ring)
Stlth   +            (no ring)
HPRegen 0.24/turn    (no ring)
MPRegen 0.08/turn    (no ring)
                     (no ring)

%: no passive effects
@: lethally poisoned (0 -> -2), tree-form
A: stationary, stasis, torment immunity, boosted hp, almost no armour,
(amphibious), 8 rings, (camouflage 1), (gelatinous body 1), (nimble swimmer 1),
(tentacles)
a: no special abilities


You were on level 1 of the Dungeon.
You were a tree.
You visited 1 branch of the dungeon, and saw 1 of its levels.

You collected 19 gold pieces.

Inventory:

Missiles
 e - 19 stones
Talismans
 b - a beast talisman
 c - a flux talisman
Scrolls
 d - 2 scrolls of identify {unknown}


   Skills:
 - Level 1.0 Fighting
 - Level 2.0 Dodging
 + Level 3.6 Unarmed Combat
 - Level 3.0 Shapeshifting


You had one spell level left.
You didn't know any spells.
Your spell library was empty.

Dungeon Overview and Level Annotations

Branches:
Dungeon (1/15)

Altars:

Shops:
D:1 (


Innate Abilities, Weirdness & Mutations

You are a tree.
Your roots penetrate the ground, keeping you stationary.
You cannot be teleported.
You are immune to unholy pain and torment.
Your maximum health is greatly increased.
You cannot wear most types of armour.
((You are amphibious.))
You can wear up to eight rings at the same time.
((Your skin changes colour to match your surroundings (Stealth+).))
((Your rubbery body absorbs attacks. (AC +1, EV +1)))
((You are camouflaged when in or above water. (Stealth+)))
((You have tentacles for arms and can constrict up to eight enemies at once.))


Message History

The hobgoblin shouts!
The hobgoblin shouts!
You hear a shout!
A kobold comes into view. It is wielding a +0 whip.
You tentacle-slap the hobgoblin.
You kill the hobgoblin!
The kobold throws a stone.
The stone barely misses you.
You tentacle-slap the kobold. Your grab misses the kobold.
You squeeze the kobold.
You kill the kobold!
A goblin comes into view. It is wielding a +0 dagger of venom.
You barely miss the hobgoblin. Your grab misses the hobgoblin.
The hobgoblin hits you.
You barely miss the hobgoblin. Your grab misses the hobgoblin.
Your squeeze misses the hobgoblin. The hobgoblin hits you.
You barely miss the hobgoblin. Your grab misses the hobgoblin.
A bat comes into view.
The hobgoblin hits you.
* * * LOW HITPOINT WARNING * * *
You tentacle-slap the hobgoblin. You grab the hobgoblin.
You squeeze the hobgoblin.
You kill the hobgoblin!
You have reached level 2!
You tentacle-slap the goblin but do no damage.
Your grab misses the goblin.
The goblin hits you with a +0 dagger of venom.
* * * LOW HITPOINT WARNING * * *
You are lethally poisoned!
You tentacle-slap the goblin. Your grab misses the goblin.
Your squeeze misses the goblin.
* * * LOW HITPOINT WARNING * * *
You feel sick. The goblin barely misses you.
You tentacle-slap the goblin.
You kill the goblin!
The bat closely misses you.
You tentacle-slap the bat.
You kill the bat!
* * * LOW HITPOINT WARNING * * *
You feel sick.
You are lethally poisoned (1 -> -2).
You are a hulking beast.
You have 8 tentacles available for constriction.
Your movement speed is average.
Your attack delay is about 0.9.
Your damage rating with unarmed combat is about 7 (Base [3 + 3 (UC)] x 107% (Str) x 101% (Fight) + 1 (Slay)).
Your transformation has ended.
You turn into a tree.
Your roots penetrate the ground.
* * * LOW HITPOINT WARNING * * *
You feel sick.
There is a lethal amount of poison in your body!
Unknown command.
You die...

... #.. # #.#
#.#.$ .#.## ...
#)# # #.###♣####.#
#..........#.
#.########.)......
............######
#................#
##########.#####.
..........#
#######.#.# #.#.#


There were no monsters in sight!

Vanquished Creatures
  A goblin (D:1)
  3 hobgoblins (D:1)
  2 bats (D:1)
  3 kobolds (D:1)
9 creatures vanquished.

Notes
Turn   | Place    | Note
-------+----------+-------------------------------------------
     0 | D:1      | James the Octopode Shapeshifter began the quest for the
                  | Orb.
     0 | D:1      | Reached XP level 1. HP: 13/13 MP: 1/1
    47 | D:1      | Found Rorugguv's Antique Weapon Emporium.
   201 | D:1      | Reached XP level 2. HP: 5/18 MP: 2/2
   205 | D:1      | HP: 1/27 [poisoned by a goblin]
   206 | D:1      | Succumbed to a goblin's poison

Illustrated notes

Levels and vault maps discovered:
D:1:      roderic_crop_circles_arrival_small, layout_basic, serial_shops, shop,
          chequers_ecumenical_altar_simple_redux, minmay_shallow_snake_nest

Action                     || total
---------------------------++-------
  Melee: Unarmed           ||    15
         Tentacles         ||     4
         Constrict         ||     3
    Use: Potion            ||     1
   Stab: Sleeping          ||     1
 Armour: Skin              ||     4
  Dodge: Dodged            ||     8

Table legend: (Time is in decaauts)
 A = Elapsed time spent in this place.
 B = Non-inter-level travel time spent in this place.
 C = Inter-level travel time spent in this place.
 D = Time resting spent in this place.
 E = Time spent auto-exploring this place.
 F = Levels seen in this place.
 G = Mean time per level.
                   A        B        C        D        E       F      G
               +--------+--------+--------+--------+--------+-----+--------+
         Total |    204 |    204 |      0 |      0 |    154 |   1 |  204.0 |
       Dungeon |    204 |    204 |      0 |      0 |    154 |   1 |  204.0 |
               +--------+--------+--------+--------+--------+-----+--------+

Top non-repeatable levels by time:
     D:1: 204 daAuts
